AoeStats
← NPG | Shimishi Maki

African Clearing

506019777Analyzed
3v3 RM · 20d ago on Sep 12, 2026· 57m 8s· 6 players
Game mode
Random Map
Map size
Normal (6 player)
Population
200
Speed
Normal
Resources
Standard
Victory
Conquest
Starting age
Dark Age
Ending age
Imperial Age
RankedLock teamsTeams togetherTeam positionsShared explorationLock speedFull tech treeHidden civsTurbo modeCheats
Victory
Defeat
🇸🇻 Gurjaras · El Salvador
1634
+15
🇨🇱 Bulgarians · Chile
1611
+16
🇦🇷 Tupi · Argentina
1543
+19
🇨🇱 Inca · Chile
1742
-21
🇨🇱 Magyars · Chile
1666
-19
🇨🇱 Hindustanis · Chile
1441
-10
AxD | Cad Bane
8:10 Loom
13:25 Feudal Age
15:37 Scale Mail Armor
18:50 Fishing Lines
22:09 Castle Age
21:28 Fishing Lines
22:44 Fletching
23:46 Gillnets
30:46 Double-Bit Axe
32:13 Bloodlines
32:11 Scale Barding Armor
34:49 Wheelbarrow
33:59 Town Watch
38:38 Imperial Age
37:19 Hand Cart
38:52 Horse Collar
39:23 Bow Saw
39:18 Elite Konnik
40:27 Heavy Plow
41:42 Chain Barding Armor
41:33 Forging
41:34 Stirrups
42:52 Plate Barding Armor
42:52 Capped Ram
42:57 Capped Ram
44:33 Husbandry
45:10 Iron Casting
44:32 Siege Ram
46:18 Gambesons
46:34 Squires
46:19 Arson
46:39 Heavy Scorpion
48:23 Blast Furnace
47:47 Ballistics
48:27 Chemistry
47:33 Siege Engineers
48:48 Bagains
48:57 Scale Mail Armor
49:13 Pikeman
50:28 Stone Mining
50:28 Gold Mining
51:14 Halberdier
52:26 Chain Mail Armor
55:31 Plate Mail Armor
55:18 Cavalier
AxD | Kurumi 002
4:06 Loom
13:35 Feudal Age
14:06 Double-Bit Axe
16:52 Town Watch
22:14 Castle Age
20:43 Forging
22:07 Bloodlines
26:10 Scale Barding Armor
29:08 Husbandry
31:29 Chain Barding Armor
32:16 Horse Collar
34:08 Wheelbarrow
35:16 Heavy Plow
42:40 Hand Cart
46:16 Imperial Age
46:21 Heavy Camel Rider
47:37 Plate Barding Armor
48:03 Iron Casting
48:49 Siege Elephant
52:28 Crop Rotation
52:15 Fletching
52:53 Frontier Guards
52:58 Conscription
56:17 Light Cavalry
57:29 Bow Saw
57:11 Gold Mining
AxD | MatrixWars
9:32 Loom
10:33 Loom
13:22 Feudal Age
17:20 Castle Age
15:17 Fletching
18:02 Double-Bit Axe
18:13 Bodkin Arrow
19:37 Bow Saw
21:21 Ballistics
24:10 Padded Archer Armor
29:20 Horse Collar
34:30 Gold Mining
35:48 Wheelbarrow
37:55 Imperial Age
35:32 Town Watch
36:51 Crossbowman
37:56 Leather Archer Armor
38:56 Bracer
39:59 Chemistry
38:40 Arbalester
42:08 Curare
43:23 Ring Archer Armor
43:17 Conscription
42:32 Pikeman
43:13 Squires
45:04 Two-Man Saw
44:06 Heavy Plow
44:00 Halberdier
46:35 Scale Mail Armor
49:48 Chain Mail Armor
49:46 Forging
49:53 Hand Cart
50:47 Plate Mail Armor
51:23 Iron Casting
52:09 Arson
53:18 Champi Runner
54:09 Caciques
54:41 Hoardings
54:19 Champi Warrior
55:53 Town Patrol
56:34 Gold Shaft Mining
55:50 Stone Mining
56:07 Treadmill Crane
56:06 Elite Champi Warrior
NPG | DR@CA
14:17 Feudal Age
14:10 Loom
15:43 Double-Bit Axe
15:46 Horse Collar
18:08 Castle Age
26:06 Scale Barding Armor
29:04 Bloodlines
32:11 Chain Barding Armor
31:38 Town Watch
32:56 Husbandry
34:01 Forging
35:38 Wheelbarrow
35:28 Gold Mining
39:09 Iron Casting
41:49 Imperial Age
40:15 Hand Cart
40:47 Gold Shaft Mining
40:04 Stone Mining
40:28 Fletching
42:24 Bodkin Arrow
43:45 Blast Furnace
44:10 Chemistry
43:35 Heavy Camel Rider
45:24 Conscription
45:50 Plate Barding Armor
46:02 Grand Trunk Road
46:48 Coinage
47:10 Hoardings
46:53 Shatagni
47:46 Ballistics
47:33 Siege Engineers
47:55 Bracer
48:26 Imperial Camel Rider
51:03 Stone Shaft Mining
51:32 Murder Holes
55:03 Padded Archer Armor
57:06 Heavy Plow
Dkastro
12:07 Feudal Age
12:46 Double-Bit Axe
17:02 Loom
21:40 Castle Age
19:52 Fletching
19:46 Horse Collar
20:29 Gold Mining
21:16 Padded Archer Armor
22:04 Crossbowman
22:39 Bodkin Arrow
23:28 Bow Saw
23:16 Town Watch
24:43 Leather Archer Armor
25:36 Heavy Plow
27:17 Heavy Plow
30:50 Ballistics
35:28 Treadmill Crane
35:58 Scale Mail Armor
38:31 Forging
39:48 Gold Shaft Mining
40:59 Chain Mail Armor
44:08 Imperial Age
43:28 Squires
45:04 Wheelbarrow
44:41 Elite Kamayuk
46:16 Plate Mail Armor
46:47 Iron Casting
46:14 Capped Ram
47:28 Hand Cart
47:44 Conscription
47:34 Stone Mining
48:52 Onager
49:44 Arbalester
50:30 Thumb Ring
50:26 Bracer
50:25 Elite Skirmisher
52:10 Chemistry
NPG | Shimishi Maki
12:07 Feudal Age
12:39 Loom
12:43 Double-Bit Axe
13:09 Horse Collar
21:30 Castle Age
20:28 Bloodlines
21:52 Fletching
22:44 Scale Barding Armor
27:05 Husbandry
28:03 Wheelbarrow
30:09 Bow Saw
31:11 Town Watch
32:57 Chain Barding Armor
35:18 Gold Mining
40:16 Imperial Age
38:41 Masonry
40:46 Gold Shaft Mining
41:39 Plate Barding Armor
40:36 Light Cavalry
40:40 Cavalier
42:12 Paladin
45:50 Light Cavalry
47:48 Hand Cart
47:41 Hussar
48:20 Stone Mining
50:47 Bodkin Arrow
52:42 Bracer
52:04 Elite Skirmisher
52:45 Padded Archer Armor
53:07 Ballistics
54:07 Chemistry
Connection lost

Rejoining the realm…

Still unreachable

The connection could not be restored.

Session expired

The server has moved on; the page needs a fresh start.